| TOP OF THE 1ST |
|
Houston Astros batting - Pitching for Philadelphia Phillies : LHP Jon Matlack
|
|
Pitching: LHP Jon Matlack
|
|
|
Batting: SHB Bill D Doran
|
0-0: Called Strike 0-1: Fly out, F7 (Flyball, 78S, EV 88.1 MPH)
|
|
Batting: RHB John Castino
|
0-0: Ball 1-0: Ground out 6-3 (Groundball, 6, EV 88.8 MPH)
|
|
Batting: RHB Zail Smith
|
0-0: Ball 1-0: Called Strike 1-1: Ball 2-1: Ball 3-1: Ground out 6-3 (Groundball, 6, EV 103.8 MPH)
|
| Top of the 1st over - 0 runs, 0 hits, 0 errors, 0 left on base; Houston 0 - Philadelphia 0 |
| BOTTOM OF THE 1ST |
|
Philadelphia Phillies batting - Pitching for Houston Astros : RHP Rick Camp
|
|
Pitching: RHP Rick Camp
|
|
|
Batting: RHB Paul Molitor
|
0-0: Foul Ball, location: 2F 0-1: Ball 1-1: Foul Ball, location: 2F 1-2: Foul Ball, location: 2F 1-2: Ground out 5-3 (Groundball, 5S, EV 69.4 MPH)
|
|
Batting: RHB Andy Ramirez
|
0-0: Ball 1-0: Foul Ball, location: 2F 1-1: Foul Ball, location: 2F 1-2: Ball 2-2: Foul Ball, location: 2F 2-2: Foul Ball, location: 2F 2-2: Fly out, F3 (Popup, 3SF, EV 67.5 MPH)
|
|
Batting: LHB Tony Gwynn
|
0-0: Ball 1-0: Ground out 6-3 (Groundball, 6M, EV 89.4 MPH)
|
| Bottom of the 1st over - 0 runs, 0 hits, 0 errors, 0 left on base; Houston 0 - Philadelphia 0 |
| TOP OF THE 2ND |
|
Houston Astros batting - Pitching for Philadelphia Phillies : LHP Jon Matlack
|
|
Batting: LHB Steve Kemp
|
0-0: Fly out, F6 (Popup, 6MS, EV 83.8 MPH)
|
|
Batting: RHB Dave Valle
|
0-0: Ball 1-0: Foul Ball, location: 2F 1-1: Fly out, F3 (Popup, 3S, EV 66.9 MPH)
|
|
Batting: LHB Jerry Narron
|
0-0: Called Strike 0-1: Ground out 4-3 (Groundball, 34, EV 91.3 MPH)
|
| Top of the 2nd over - 0 runs, 0 hits, 0 errors, 0 left on base; Houston 0 - Philadelphia 0 |
| BOTTOM OF THE 2ND |
|
Philadelphia Phillies batting - Pitching for Houston Astros : RHP Rick Camp
|
|
Batting: RHB Candy Maldonado
|
0-0: Ground out 4-3 (Groundball, 4, EV 87.5 MPH)
|
|
Batting: LHB Andy Guerrero
|
0-0: Foul Ball, location: 2F 0-1: DOUBLE (Line Drive, 9LD, EV 103.1 MPH)
|
|
Batting: RHB Jody Davis
|
0-0: Called Strike 0-1: Foul Ball, location: 2F 0-2: Ball 1-2: Foul Ball, location: 2F 1-2: Ball 2-2: Ground out 5-3 (Groundball, 5, EV 93.8 MPH)
|
|
Batting: RHB Dan Thomas
|
0-0: Foul Ball, location: 2F 0-1: Ball 1-1: Foul Ball, location: 2F 1-2: Foul Ball, location: 2F 1-2: Fly out, F7 (Line Drive, 7D, EV 104.4 MPH)
|
| Bottom of the 2nd over - 0 runs, 1 hit, 0 errors, 1 left on base; Houston 0 - Philadelphia 0 |
| TOP OF THE 3RD |
|
Houston Astros batting - Pitching for Philadelphia Phillies : LHP Jon Matlack
|
|
Batting: LHB George Vukovich
|
0-0: Ball 1-0: Ball 2-0: Ground out 1-3 (Groundball, P, EV 68.8 MPH)
|
|
Batting: RHB Ricky Adams
|
0-0: Ball 1-0: Ball 2-0: Swinging Strike 2-1: Swinging Strike 2-2: Ball 3-2: Fly out, F8 (Flyball, 8RM, EV 90.0 MPH)
|
|
Batting: RHB Rick Camp
|
0-0: Ball 1-0: Ball 2-0: Swinging Strike 2-1: Foul Ball, location: 2F 2-2: Strikes out looking
|
| Top of the 3rd over - 0 runs, 0 hits, 0 errors, 0 left on base; Houston 0 - Philadelphia 0 |
| BOTTOM OF THE 3RD |
|
Philadelphia Phillies batting - Pitching for Houston Astros : RHP Rick Camp
|
|
Batting: RHB Ivan de Jesus
|
0-0: Foul Ball, location: 2F 0-1: Fly out, F3 (Popup, 23F, EV 85.6 MPH)
|
|
Batting: LHB Jon Matlack
|
0-0: Ball 1-0: Ground out 4-3 (Groundball, 4, EV 103.8 MPH)
|
|
Batting: RHB Paul Molitor
|
0-0: Swinging Strike 0-1: Ball 1-1: Ball 2-1: Ball 3-1: SINGLE (Line Drive, 89S, EV 106.3 MPH)
|
|
Batting: RHB Andy Ramirez
|
0-0: Ball 1-0: Ball 2-0: Ball 3-0: Called Strike 3-1: Swinging Strike 3-2: Ground out 5-3 (Groundball, 56, EV 84.4 MPH)
|
| Bottom of the 3rd over - 0 runs, 1 hit, 0 errors, 1 left on base; Houston 0 - Philadelphia 0 |
| TOP OF THE 4TH |
|
Houston Astros batting - Pitching for Philadelphia Phillies : LHP Jon Matlack
|
|
Batting: SHB Bill D Doran
|
0-0: Swinging Strike 0-1: Ball 1-1: Swinging Strike 1-2: Ball 2-2: Ground out 5-3 (Groundball, 56S, EV 64.4 MPH)
|
|
Batting: RHB John Castino
|
0-0: Ball 1-0: Fly out, F8 (Flyball, 8RD, EV 101.9 MPH)
|
|
Batting: RHB Zail Smith
|
0-0: Foul Ball, location: 2F 0-1: Ball 1-1: Ground out 6-3 (Groundball, 6M, EV 97.5 MPH)
|
| Top of the 4th over - 0 runs, 0 hits, 0 errors, 0 left on base; Houston 0 - Philadelphia 0 |
| BOTTOM OF THE 4TH |
|
Philadelphia Phillies batting - Pitching for Houston Astros : RHP Rick Camp
|
|
Batting: LHB Tony Gwynn
|
0-0: Ball 1-0: Fly out, F7 (Flyball, 78D, EV 101.3 MPH)
|
|
Batting: RHB Candy Maldonado
|
0-0: Foul Ball, location: 2F 0-1: Ball 1-1: Called Strike 1-2: Ball 2-2: Ball 3-2: Foul Ball, location: 2F 3-2: DOUBLE (Line Drive, 9LM, EV 96.9 MPH)
|
|
Batting: LHB Andy Guerrero
|
0-0: Ball 1-0: Ball 2-0: Foul Ball, location: 2F 2-1: Swinging Strike 2-2: Ball 3-2: Foul Ball, location: 2F 3-2: Ground out 4-3 (Groundball, 4, EV 80.6 MPH) Candy Maldonado to third
|
|
Batting: RHB Jody Davis
|
0-0: Swinging Strike 0-1: Called Strike 0-2: Strikes out looking
|
| Bottom of the 4th over - 0 runs, 1 hit, 0 errors, 1 left on base; Houston 0 - Philadelphia 0 |
| TOP OF THE 5TH |
|
Houston Astros batting - Pitching for Philadelphia Phillies : LHP Jon Matlack
|
|
Batting: LHB Steve Kemp
|
0-0: Swinging Strike 0-1: Ground out 4-3 (Groundball, 4, EV 86.9 MPH)
|
|
Batting: RHB Dave Valle
|
0-0: Called Strike 0-1: Ball 1-1: Ball 2-1: Fly out, F8 (Flyball, 8RS, EV 76.9 MPH)
|
|
Batting: LHB Jerry Narron
|
0-0: Ball 1-0: Ball 2-0: Ball 3-0: Base on Balls
|
|
Batting: LHB George Vukovich
|
0-0: Ball 1-0: Fly out, F8 (Flyball, 89S, EV 85.0 MPH)
|
| Top of the 5th over - 0 runs, 0 hits, 0 errors, 1 left on base; Houston 0 - Philadelphia 0 |
| BOTTOM OF THE 5TH |
|
Philadelphia Phillies batting - Pitching for Houston Astros : RHP Rick Camp
|
|
Batting: RHB Dan Thomas
|
0-0: Swinging Strike 0-1: Ball 1-1: Ball 2-1: Ball 3-1: Swinging Strike 3-2: Foul Ball, location: 2F 3-2: Foul Ball, location: 2F 3-2: Base on Balls
|
|
Batting: RHB Ivan de Jesus
|
0-0: Called Strike 0-1: Ball 1-1: Ball 2-1: Foul Ball, location: 2F 2-2: Ball 3-2: Ground out 4-3 (Groundball, 4, EV 81.9 MPH) Dan Thomas to second
|
|
Batting: LHB Jon Matlack
|
0-0: Fly out, F7 (Flyball, 7LM, EV 88.1 MPH)
|
|
Batting: RHB Paul Molitor
|
0-0: Called Strike 0-1: Swinging Strike 0-2: Ball 1-2: Fly out, F8 (Flyball, 78D, EV 98.8 MPH)
|
| Bottom of the 5th over - 0 runs, 0 hits, 0 errors, 1 left on base; Houston 0 - Philadelphia 0 |
| TOP OF THE 6TH |
|
Houston Astros batting - Pitching for Philadelphia Phillies : LHP Jon Matlack
|
|
Batting: RHB Ricky Adams
|
0-0: Foul Ball, location: 2F 0-1: Fly out, F9 (Flyball, 89S, EV 81.3 MPH)
|
|
Batting: RHB Rick Camp
|
0-0: Swinging Strike 0-1: Swinging Strike 0-2: Ball 1-2: Ball 2-2: SINGLE (Groundball, 34D, EV 93.8 MPH)
|
|
Batting: SHB Bill D Doran
|
0-0: Ball 1-0: Foul Ball, location: 2F 1-1: Ball 2-1: Foul Ball, location: 2F 2-2: Foul Ball, location: 2F 2-2: Ball 3-2: Fly out, F4 (Line Drive, 4, EV 71.3 MPH)
|
|
Batting: RHB John Castino
|
0-0: Swinging Strike 0-1: Swinging Strike 0-2: Foul Ball, location: 2F 0-2: Strikes out looking
|
| Top of the 6th over - 0 runs, 1 hit, 0 errors, 1 left on base; Houston 0 - Philadelphia 0 |
| BOTTOM OF THE 6TH |
|
Philadelphia Phillies batting - Pitching for Houston Astros : RHP Rick Camp
|
|
Batting: RHB Andy Ramirez
|
0-0: Reached on error, E5 (Groundball, 56S, EV 70.6 MPH)
|
|
Batting: LHB Tony Gwynn
|
0-0: Ball 1-0: Called Strike 1-1: Ball 2-1: Foul Ball, location: 2F 2-2: Ball 3-2: Fielders Choice at 2nd, 4-6 (Groundball, 34, EV 79.4 MPH)
|
|
Batting: RHB Candy Maldonado
|
0-0: Called Strike 0-1: Ball 1-1: Swinging Strike 1-2: Foul Ball, location: 2F 1-2: Ball 2-2: Foul Ball, location: 2F 2-2: Foul Ball, location: 2F 2-2: Foul Ball, location: 2F 2-2: Ball Tony Gwynn steals 2nd base (no throw) 3-2: Strikes out swinging
|
|
Batting: LHB Andy Guerrero
|
0-0: Ball 1-0: Called Strike 1-1: Ball 2-1: Ball 3-1: Swinging Strike 3-2: Ground out U3 (Groundball, 34, EV 83.8 MPH)
|
| Bottom of the 6th over - 0 runs, 0 hits, 1 error, 1 left on base; Houston 0 - Philadelphia 0 |
| TOP OF THE 7TH |
|
Houston Astros batting - Pitching for Philadelphia Phillies : LHP Jon Matlack
|
|
Batting: RHB Zail Smith
|
0-0: Called Strike 0-1: Ball 1-1: Ball 2-1: Ball 3-1: Called Strike 3-2: Base on Balls
|
|
Batting: LHB Steve Kemp
|
0-0: Ball 1-0: Fly out, F8 (Line Drive, 8LD, EV 94.4 MPH)
|
|
Batting: RHB Dave Valle
|
0-0: Ball 1-0: SINGLE (Line Drive, 8RS, EV 105.6 MPH) Zail Smith to second Runner from 2nd tries for 3rd, SAFE, no throw by CF
|
|
Batting: LHB Jerry Narron
|
0-0: Ball 1-0: Ball 2-0: Called Strike 2-1: Ball 3-1: Fly out, F9 (Flyball, 89M, EV 80.6 MPH) Runner from 3rd tags up, SCORES, throw by RF
|
|
Pitching: RHP Tom Hume
|
|
|
Now in RF: Cecil Cooper
|
|
|
Batting: LHB George Vukovich
|
0-0: SINGLE (Groundball, 25, EV 65.6 MPH) (infield hit) Dave Valle to second
|
|
Batting: RHB Ricky Adams
|
0-0: Swinging Strike 0-1: Foul Ball, location: 2F 0-2: Ball 1-2: Ball 2-2: Ball 3-2: Foul Ball, location: 2F 3-2: Foul Ball, location: 2F 3-2: Foul Ball, location: 2F 3-2: Base on Balls Dave Valle to third George Vukovich to second
|
|
Batting: RHB Rick Camp
|
0-0: Called Strike 0-1: Swinging Strike 0-2: Ball 1-2: Foul Ball, location: 2F 1-2: Strikes out swinging
|
| Top of the 7th over - 1 run, 2 hits, 0 errors, 3 left on base; Houston 1 - Philadelphia 0 |
| BOTTOM OF THE 7TH |
|
Philadelphia Phillies batting - Pitching for Houston Astros : RHP Rick Camp
|
|
Batting: RHB Jody Davis
|
0-0: Called Strike 0-1: Ball 1-1: Called Strike 1-2: Ground out 6-3 (Groundball, 6, EV 83.8 MPH)
|
|
Batting: RHB Dan Thomas
|
0-0: Ball 1-0: SINGLE (Groundball, 56D, EV 96.3 MPH)
|
|
Pinch Hitting: LHB Terry Bogener
|
0-0: Ball 1-0: Foul Ball, location: 2F 1-1: SINGLE (Line Drive, 89S, EV 85.0 MPH) Dan Thomas to second Runner from 2nd tries for 3rd, SAFE, throw by CF made to third
|
|
Batting: LHB Cecil Cooper
|
0-0: Called Strike 0-1: 3-RUN HOME RUN (Line Drive, 9LD, EV 98.1 MPH), Distance : 376 ft
|
|
Batting: RHB Paul Molitor
|
0-0: Ball 1-0: SINGLE (Line Drive, 89M, EV 88.8 MPH)
|
|
Batting: RHB Andy Ramirez
|
0-0: Called Strike Paul Molitor steals 2nd base 0-1: Ball 1-1: Ground out 6-3 (Groundball, 6MS, EV 83.8 MPH) Paul Molitor to third
|
|
Batting: LHB Tony Gwynn
|
0-0: Ball 1-0: Foul Ball, location: 2F 1-1: Reached on error, E2 (Groundball, 13S, EV 66.3 MPH) Paul Molitor scores
|
|
Batting: RHB Candy Maldonado
|
0-0: Ground out U3 (Groundball, 34, EV 91.3 MPH)
|
| Bottom of the 7th over - 4 runs, 4 hits, 1 error, 1 left on base; Houston 1 - Philadelphia 4 |
| TOP OF THE 8TH |
|
Houston Astros batting - Pitching for Philadelphia Phillies : RHP Tom Hume
|
|
Now at 3B: Lou Whitaker
|
|
|
Batting: SHB Bill D Doran
|
0-0: Ball 1-0: Ball 2-0: Called Strike 2-1: Foul Ball, location: 2F 2-2: Fly out, F8 (Flyball, 8LM, EV 91.9 MPH)
|
|
Batting: RHB John Castino
|
0-0: Called Strike 0-1: SINGLE (Flyball, 4D, EV 84.4 MPH)
|
|
Batting: RHB Zail Smith
|
0-0: Ball 1-0: Ball 2-0: Called Strike 2-1: Called Strike 2-2: Ball 3-2: Fielders Choice at 2nd, 6-4 (Groundball, 6, EV 83.1 MPH)
|
|
Batting: LHB Steve Kemp
|
0-0: Ball 1-0: Foul Ball, location: 3F, Error on foul ball, E3 1-1: Ball 2-1: Foul Ball, location: 2F 2-2: Fielders Choice at 2nd, 6-4 (Groundball, 6, EV 85.6 MPH)
|
| Top of the 8th over - 0 runs, 1 hit, 1 error, 1 left on base; Houston 1 - Philadelphia 4 |
| BOTTOM OF THE 8TH |
|
Philadelphia Phillies batting - Pitching for Houston Astros : RHP Rick Camp
|
|
Batting: RHB Tom Hume
|
0-0: Called Strike 0-1: Ball 1-1: DOUBLE (Flyball, 78D, EV 109.4 MPH)
|
|
Batting: RHB Jody Davis
|
0-0: Ball 1-0: Ball 2-0: Called Strike 2-1: Foul Ball, location: 2F 2-2: Foul Ball, location: 2F 2-2: Strikes out looking
|
|
Batting: RHB Dan Thomas
|
0-0: Ball 1-0: Called Strike 1-1: SINGLE (Line Drive, 7LS, EV 90.0 MPH) Tom Hume to third Runner from 3rd tries for Home, throw by LF and OUT! 7-2
|
|
Batting: LHB Lou Whitaker
|
0-0: SINGLE (Flyball, 8RS, EV 94.4 MPH) Dan Thomas to second Runner from 2nd tries for 3rd, SAFE, no throw by CF
|
|
Batting: LHB Cecil Cooper
|
0-0: Called Strike 0-1: 3-RUN HOME RUN (Flyball, 9D, EV 111.3 MPH), Distance : 367 ft
|
|
Pitching: RHP Ramon Molina
|
|
|
Batting: RHB Paul Molitor
|
0-0: Fly out, F4 (Flyball, 3D, EV 86.9 MPH)
|
| Bottom of the 8th over - 3 runs, 4 hits, 0 errors, 0 left on base; Houston 1 - Philadelphia 7 |
| TOP OF THE 9TH |
|
Houston Astros batting - Pitching for Philadelphia Phillies : RHP Tom Hume
|
|
Batting: RHB Dave Valle
|
0-0: Ball 1-0: Ball 2-0: Ball 3-0: Called Strike 3-1: Called Strike 3-2: Foul Ball, location: 2F 3-2: Strikes out swinging
|
|
Batting: LHB Jerry Narron
|
0-0: Swinging Strike 0-1: Ground out U3 (Groundball, 13, EV 83.8 MPH)
|
|
Batting: LHB George Vukovich
|
0-0: Ball 1-0: Fly out, F8 (Flyball, 78S, EV 88.1 MPH)
|
| Top of the 9th over - 0 runs, 0 hits, 0 errors, 0 left on base; Houston 1 - Philadelphia 7 |
|